 Dungeon Crawl Stone Soup version 0.32-a0-22-g6ae6769602 (webtiles) character file.

Game seed: 7419518599750468367

1598 MacCMillion the Cleaver (level 9, -1/62 (65) HPs)
             Began as a Formicid Fighter on Jan 18, 2024.
             Was an Initiate of Okawaru.
             Slain by a shadow imp (5 damage)
             ... on level 6 of the Dungeon.
             The game lasted 00:06:01 (5335 turns).

MacCMillion the Cleaver (Formicid Fighter)          Turns: 5335, Time: 00:06:02

HP:   -1/62 (65)    AC: 15    Str: 25    XL:     9   Next: 15%
MP:   9/9           EV:  7    Int:  8    God:    Okawaru [......]
Gold: 208           SH:  5    Dex: 13    Spells: 8/8 levels left

rFire   + . .        a - +0 war axe
rCold   + . .        c - +0 buckler
rNeg    . . .        e - +0 plate armour
rPois   .            (helmet unavailable)
rElec   .            g - scarf {rC+ rF+}
rCorr   .            f - +2 pair of gloves
SInv    +            (no boots)
Will    .....        (no amulet) Stlth
                     (no ring)
HPRegen 0.30/turn    (no ring)
MPRegen 0.11/turn

%: no passive effects
@: mighty, lightly drained
A: permanent stasis, dig shafts and tunnels, antennae 3, four strong arms
a: Dig, Shaft Self, Renounce Religion


You were on level 6 of the Dungeon.
You worshipped Okawaru.
Okawaru was noncommittal.
You visited 2 branches of the dungeon, and saw 7 of its levels.

You collected 208 gold pieces.

Inventory:

Hand Weapons
 a - a +0 war axe (weapon)
Missiles
 l - a throwing net
 s - 6 curare-tipped darts
 y - 6 poisoned darts
Armour
 c - a +0 buckler (worn)
 e - a +0 plate armour (worn)
 f - a +2 pair of gloves (worn)
 g - a scarf of resistance (worn)
Jewellery
 p - a ring of fire
 x - an amulet of the acrobat
Wands
 j - a wand of acid (9)
 v - a wand of polymorph (9)
 z - a wand of flame (10)
Scrolls
 b - 3 scrolls of teleportation {unknown}
 h - 2 scrolls of enchant weapon
 i - 2 scrolls of blinking {unknown}
 k - a scroll of torment {unknown}
 m - 2 scrolls of vulnerability {unknown}
 q - 3 scrolls of enchant armour {unknown}
 r - 2 scrolls of poison {unknown}
 u - a scroll of noise {unknown}
 w - a scroll of revelation {unknown}
Potions
 d - 2 potions of might
 n - 2 potions of curing
 o - 2 potions of haste
 t - a potion of attraction {unknown}
 A - a potion of invisibility {unknown}


   Skills:
 + Level 4.2 Fighting
 + Level 10.2 Axes
 + Level 4.2 Armour
 + Level 1.9 Dodging
 - Level 4.0 Shields


You had 8 spell levels left.
You didn't know any spells.
Your spell library contained the following spells:

 Spells                   Type           Power      Damage    Failure   Level
 Foxfire                  Conj/Fire      0%         2x1d4     100%        1
 Volatile Blastmotes      Fire/Tloc      0%         2d10      100%        3
 Fulminant Prism          Conj/Alch      0%         3d5       100%        4
 Ignite Poison            Fire/Alch      0%         N/A       100%        4
 Iskenderun's Mystic Bla  Conj/Tloc      0%         2d3       100%        4
 Sticky Flame             Fire/Alch      0%         2d4       100%        4
 Lee's Rapid Deconstruct  Erth           0%         3d4*      100%        5
 Fire Storm               Conj/Fire      0%         5d1       100%        9
 Animate Armour           Summ/Erth      Unusable   N/A       N/A         4
 Summon Lightning Spire   Summ/Air       Unusable   N/A       N/A         4

Dungeon Overview and Level Annotations

Branches:
Dungeon (6/15)             Temple (1/1) D:4

Altars:
Ashenzari
Cheibriados
Dithmenos
Gozag
Hepliaklqana
Kikubaaqudgha
Nemelex Xobeh
Okawaru
Qazlal
Sif Muna
Uskayaw
Wu Jian
The Shining One

Shops:
D:5 (=*

Annotations:
D:2 Sigmund
D:4 1 runed translucent door, Crazy Yiuf


Innate Abilities, Weirdness & Mutations

You cannot be hasted, slowed, berserked, paralysed or teleported.
You can dig through walls and to a lower floor.
You have a pair of large antennae on your head. (SInv)
Your four strong arms can wield two-handed weapons with a shield.


Message History

You feel sick.
The water moccasin bites you but does no damage.
The water moccasin barely misses you.
You miss the water moccasin.
The water moccasin is severely wounded.
You feel sick.
The water moccasin bites you but does no damage.
You miss the water moccasin.
The water moccasin is severely wounded.
You feel sick. You block the water moccasin's attack.
The water moccasin bites you but does no damage.
You hit the water moccasin.
You kill the water moccasin!
Okawaru accepts your kill.
You feel sick.
You slash the kobold!
You kill the kobold!
Okawaru accepts your kill.
You feel sick.
You are no longer poisoned.
The wight attacks as it pursues you! You block the wight's attack.
The wight attacks as it pursues you!
The wight hits you with a +2 dire flail!
* * * LOW HITPOINT WARNING * * *
Okay, then.
There is an open gate here.
You feel very mighty all of a sudden.
The wight hits you with a +2 dire flail.
* * * LOW HITPOINT WARNING * * *
You feel drained.
You slash the wight!
The wight is heavily damaged.
The wight hits you with a +2 dire flail.
* * * LOW HITPOINT WARNING * * *
You feel drained.
* * * LOW HITPOINT WARNING * * *
You closely miss the wight.
The wight is heavily damaged.
You hit the shadow imp. The shadow imp hits you.
You die...

.# #.........# #.......#
# .# ##....##.##
#.......#### .#
#....########...........
.# #....#
#...##......##### ##
#....# #._.##......# # #
#....# #...##..##..# #
#....# #'''##......# #
##....###...###.#...#####
#..z.zKz@.8.'..<.........
#.....#5'.8.'.#..........
#.#####.'.8.'.#.#...#####
#.# ###...###.#...# # #.#
#'''#...#...# #
#########.# #...##..#...#
# .....z.).z#
#._.##..#...# #
##....##### #...##.)#...#
# #)...# #
######..#...#####


You could see 3 wights, a shadow imp and a kobold.

Vanquished Creatures
  Maggie (D:6)
  Eustachio (D:4)
  A water moccasin (D:6)
  A sky beast (D:6)
  2 black bears
  An ogre (D:5)
  A kobold brigand (D:6)
  Blork the orc (D:6)
  A bullfrog (D:6)
  A howler monkey (D:5)
  2 hounds (D:5)
  A sleepcap (D:5)
  Ijyb (D:4)
  5 iguanas
  2 orc wizards (D:5)
  5 adders
  4 ribbon worms
  2 dart slugs
  10 orcs
  5 endoplasms
  3 giant cockroaches
  2 goblins
  7 hobgoblins
  7 jackals
  11 kobolds
  A quokka (D:4)
  3 ball pythons
  4 bats
  A frilled lizard (D:3)
  6 rats
93 creatures vanquished.

Notes
Turn   | Place    | Note
-------+----------+-------------------------------------------
     0 | D:1      | MacCMillion the Formicid Fighter began the quest for the
                  | Orb.
     0 | D:1      | Reached XP level 1. HP: 18/18 MP: 1/1
   127 | D:1      | Reached XP level 2. HP: 24/24 MP: 2/2
   851 | D:2      | Reached skill level 3 in Axes
   853 | D:2      | Reached XP level 3. HP: 29/29 MP: 3/3
  1086 | D:2      | Noticed Sigmund
  1133 | D:3      | Reached skill level 4 in Axes
  1133 | D:3      | Reached XP level 4. HP: 35/35 MP: 4/4
  1439 | D:3      | Got the Anthology of Hyperthermia
  1477 | D:3      | Reached XP level 5. HP: 41/41 MP: 5/5
  1758 | D:2      | Reached skill level 5 in Axes
  1919 | D:4      | Found a shimmering blue altar of Sif Muna.
  1967 | D:4      | Identified the +1 ring mail "Odoagoit" {rC- rN+++ Slay+2}
  2000 | D:4      | Noticed Ijyb
  2015 | D:4      | Killed Ijyb
  2158 | D:4      | Found a staircase to the Ecumenical Temple.
  2179 | Temple   | Entered the Ecumenical Temple
  2314 | D:4      | Noticed a black bear
  2331 | D:4      | Killed a black bear
  2332 | D:4      | Reached skill level 6 in Axes
  2332 | D:4      | Reached XP level 6. HP: 37/47 MP: 6/6
  2516 | D:4      | Found a runed translucent door.
  2517 | D:4      | Noticed Crazy Yiuf
  2565 | D:4      | Noticed Eustachio
  2590 | D:4      | Killed Eustachio
  2591 | D:4      | Reached skill level 7 in Axes
  2591 | D:4      | Reached XP level 7. HP: 48/52 MP: 7/7
  3013 | D:5      | Entered Level 5 of the Dungeon
  3270 | D:5      | Found Oleurul's Antique Weapon Shoppe.
  3516 | D:5      | Reached skill level 8 in Axes
  3569 | D:5      | Found Kesyun's Assorted Antiques.
  3582 | D:5      | Found Okaoq's Jewellery Shop.
  4604 | D:6      | Noticed Maggie
  4624 | D:6      | Killed Maggie
  4625 | D:6      | Reached skill level 9 in Axes
  4625 | D:6      | Reached XP level 8. HP: 9/58 MP: 8/8
  4831 | D:6      | Found a stormy altar of Qazlal.
  4838 | D:6      | Found a broken altar of Ashenzari.
  4906 | D:6      | Noticed Blork the orc
  4916 | D:6      | Killed Blork the orc
  4917 | D:6      | Reached skill level 10 in Axes
  4980 | D:6      | Reached skill level 1 in Dodging
  5149 | D:6      | Found a hide-covered altar of Uskayaw.
  5206 | D:6      | Found an iron altar of Okawaru.
  5218 | D:6      | Reached XP level 9. HP: 65/65 MP: 9/9
  5221 | D:6      | Became a worshipper of Warmaster Okawaru
  5335 | D:6      | Slain by a shadow imp

Illustrated notes

Levels and vault maps discovered:
D:1:      nzn_arrival_settlement, layout_loops_ring
D:2:      minmay_wonky_spiral, layout_rooms, uniq_sigmund
D:3:      layout_rooms, nicolae_concentric_dashed_squares_mild,
          kennysheep_generic_room_16
D:4:      layout_basic, lemuel_blue_sif_altar,
          minmay_temple_entry_statues_fountains, uniq_eustachio, uniq_ijyb,
          uniq_crazy_yiuf_cottage
D:5:      layout_layer_cave, serial_shops, shop, shop, shop
D:6:      layout_basic, mainiacjoe_overflow_two_lobes,
          yredelemnul_altar_generic, mainiacjoe_overflow_big_doors,
          hellmonk_ghost_happy_afterlife, uniq_menkaure, uniq_maggie,
          uniq_blork_the_orc
Temple:   hellmonk_temple_flake

Skill      XL: |  1  2  3  4  5  6  7  8  9 |
---------------+----------------------------+-----
Axes           | 3 4 6 7 9 10 | 10.2
Dodging        | 1 |  1.9
Fighting       | 4 |  4.2
Armour         | 4 |  4.2
Shields        | |  4.0

Action                     |  1- 3 |  4- 6 |  7- 9 || total
---------------------------+-------+-------+-------++-------
  Melee: War axe           |    83 |   119 |   177 ||   379
  Throw: Dart              |       |       |     1 ||     1
Ability: Dig               |       |       |     1 ||     1
    Use: Scroll            |       |     3 |       ||     3
         Potion            |       |       |     2 ||     2
 Armour: Scale mail        |    12 |       |       ||    12
         Plate armour      |    75 |    98 |   146 ||   319
  Dodge: Dodged            |    16 |    39 |    42 ||    97
  Block: Buckler           |    21 |    32 |    37 ||    90

Table legend: (Time is in decaauts)
 A = Elapsed time spent in this place.
 B = Non-inter-level travel time spent in this place.
 C = Inter-level travel time spent in this place.
 D = Time resting spent in this place.
 E = Time spent auto-exploring this place.
 F = Levels seen in this place.
 G = Mean time per level.
                   A        B        C        D        E       F      G
               +--------+--------+--------+--------+--------+-----+--------+
         Total |   5413 |   5192 |    221 |   1117 |   3151 |   7 |  773.3 |
       Dungeon |   5409 |   5188 |    221 |   1117 |   3151 |   6 |  901.5 |
        Temple |      3 |      3 |      0 |      0 |      0 |   1 |    3.0 |
               +--------+--------+--------+--------+--------+-----+--------+

Top non-repeatable levels by time:
     D:5: 1537 daAuts
     D:4: 1221 daAuts
     D:1: 787 daAuts
     D:6: 752 daAuts
     D:3: 666 daAuts
     D:2: 444 daAuts
  Temple: 3 daAuts
